 Dungeon Crawl Stone Soup version 0.23.2-40-g277498a001 (webtiles) character file.

Game seed: 14627795660657470517

49 MalarOregon the Digger (level 3, 0/19 HPs)
             Began as a Gargoyle Earth Elementalist on Aug 30, 2019.
             Slain by a gnoll (3 damage)
             ... on level 3 of the Dungeon.
             The game lasted 00:02:53 (1322 turns).

MalarOregon the Digger (GrEE)                       Turns: 1322, Time: 00:02:54

Health: 0/19       AC:  9    Str: 11    XL:     3   Next: 77%
Magic:  0/6        EV:  8    Int: 16    God:
Gold:   143        SH:  0    Dex: 10    Spells: 4/7 levels left

rFire    . . .     SeeInvis .   (no weapon)
rCold    . . .     Gourm    .   (no shield)
rNeg     + . .     Faith    .   k - +0 scale mail
rPois    ∞         Spirit   .   (no helmet)
rElec    +         Reflect  .   (no cloak)
rCorr    .         Harm     .   (no gloves)
MR       .....                  (no boots)
Stlth    ..........             (no amulet)
HPRegen  0.06/turn              (no ring)
MPRegen  0.10/turn              (no ring)

@: very slightly contaminated
A: negative energy resistance 1, electricity resistance, unbreathing,
petrification resistance, rot immunity, AC +3
a: no special abilities


You were on level 3 of the Dungeon.
You were hungry.

You visited 1 branch of the dungeon, and saw 4 of its levels.

You collected 143 gold pieces.

Inventory:

Missiles
 b - 78 stones (quivered)
Armour
 k - a +0 scale mail (worn)
   (You found it on level 1 of the Dungeon)
Jewellery
 j - an uncursed ring of protection from cold {unknown}
   (You found it on level 1 of the Dungeon)
Scrolls
 a - 3 scrolls of identify {unknown}
 c - a scroll of amnesia
 d - a scroll of fear {unknown}
 g - a scroll of remove curse {unknown}
 h - a scroll of random uselessness {unknown}
 n - a scroll of immolation {unknown}
Potions
 f - a potion of might {unknown}
 i - a potion of mutation {unknown}
 m - a potion of degeneration {unknown}
Comestibles
 e - 4 rations {!d}
 l - a chunk of flesh


   Skills:
 - Level 1.5 Dodging
 - Level 2.1 Stealth
 + Level 2.6 Spellcasting
 - Level 0.7 Transmutations
 * Level 5.0 Earth Magic


You had 4 spell levels left.
You knew the following spells:

 Your Spells              Type           Power        Failure   Level  Hunger
a - Sandblast             Erth           ###...       16%         1    #......
q - Passwall              Tmut/Erth      ##......     50%         2    ##.....

Your spell library contained the following spells:

 Spells                   Type           Power        Failure   Level  Hunger
 Stone Arrow              Conj/Erth      ##....       78%         3    ###....
 Petrify                  Tmut/Erth      ##......     98%         4    #####..
 Lee's Rapid Deconstruct  Erth           ###.......   99%         5    ######.


Dungeon Overview and Level Annotations

Branches:
Dungeon (4/15)
 Temple: D:4-7

Altars:
Trog


Innate Abilities, Weirdness & Mutations

You are resistant to torment.
Your stone body is resilient. (AC +3)
You are immune to poison.
You resist negative energy. (rN+)
You are resistant to electric shocks. (rElec)
You can survive without breathing.
You are immune to petrification.
You are immune to rotting.


Message History

The hobgoblin shouts!
The gnoll hits you with a +0 flail!
Aim: a gnoll, wielding a +0 flail (severely wounded)
The blast of sand hits the gnoll!
You kill the gnoll!
Your Earth Magic skill increases to level 5!
b - 81 stones Some of the chunks of flesh in your inventory have rotted away.
Aim: a hobgoblin The blast of sand misses the hobgoblin.
b - 80 stones The gnoll hits you but does no damage.
The hobgoblin hits you but does no damage.
Aim: a hobgoblin The blast of sand misses the hobgoblin.
b - 79 stones The gnoll barely misses you.
The hobgoblin hits you but does no damage.
You don't have enough magic to cast that spell.
You closely miss the hobgoblin. The gnoll hits you but does no damage.
The hobgoblin hits you but does no damage.
You barely miss the hobgoblin. The gnoll closely misses you.
The hobgoblin hits you.
You hit the hobgoblin but do no damage. The gnoll hits you.
* * * LOW HITPOINT WARNING * * *
The hobgoblin hits you but does no damage.
Aim: a hobgoblin The blast of sand hits the hobgoblin!
You kill the hobgoblin!
b - 78 stones The gnoll hits you.
* * * LOW HITPOINT WARNING * * *
Found a scroll labeled QUASIAMITEU.
Your magical contamination has completely faded away.
A dart slug comes into view.
A gnoll comes into view. It is wielding a +0 spear.
The gnoll shouts!
The gnoll hits you but does no damage.
Aim: a gnoll, wielding a +0 spear You miscast Sandblast.
You are very lightly contaminated with residual magic.
Nothing appears to happen.
The gnoll hits you but does no damage. The gnoll barely misses you.
Aim: a gnoll, wielding a +0 spear You miscast Sandblast.
You feel earthy.
The gnoll hits you but does no damage. x2
As you read the scroll labeled AJAYMN AFOHE, it crumbles to dust.
It is a scroll of amnesia.
Okay, then.
The gnoll hits you.
You die...

#.#.###.##.>..# #..#
#.#.....#.....# #..#
#.#...###.....#####..#
#..._................# #
###...###.#####...#.##.#
#########.# #.#.#....###
. #.....# #.#.....)..#
#.
#.#########.########g#
#.##..w.g@.g..........
..
#.....########.######.
###...# #.# #...# #.#
######...##### #.#
#.............. #)#
#.####.##########.#
#...............#
#.......###########


You could see 2 gnolls and a dart slug.

Vanquished Creatures
  A gnoll (D:3)
  An ooze (D:1)
  2 worms (D:2)
  A dart slug (D:3)
  A leopard gecko (D:1)
  4 bats (D:1)
  A giant cockroach (D:1)
  2 goblins (D:2)
  4 hobgoblins
  A quokka (D:4)
  3 frilled lizards
  4 kobolds
  3 rats
28 creatures vanquished.

Notes
Turn   | Place    | Note
-------+----------+-------------------------------------------
     0 | D:1      | MalarOregon the Gargoyle Earth Elementalist began the quest
                  | for the Orb.
     0 | D:1      | Reached XP level 1. HP: 10/10 MP: 3/3
   207 | D:1      | Reached skill level 4 in Earth Magic
   281 | D:1      | Reached XP level 2. HP: 15/15 MP: 3/5
   947 | D:1      | Learned a level 2 spell: Passwall
   971 | D:2      | Reached XP level 3. HP: 19/19 MP: 3/6
  1150 | D:2      | You fall through a shaft for 2 floors!
  1196 | D:4      | Noticed an ogre
  1207 | D:3      | Found a bloodstained altar of Trog.
  1293 | D:3      | Reached skill level 5 in Earth Magic
  1322 | D:3      | Slain by a gnoll

Skill      XL: |  1  2  3 |
---------------+----------+-----
Earth Magic    | 4 5 |  5.0
Dodging        | |  1.5
Stealth        | |  2.1
Spellcasting   | |  2.6
Transmutations | |  0.7

Action                   || total
-------------------------++-------
Melee: Unarmed           ||    23
 Cast: Sandblast         ||    39
  Use: Scroll            ||     1
  Eat: Chunk             ||     1
Armor: Robe              ||    18
       Scale mail        ||    10
Dodge: Dodged            ||    32
